Map: Crista de Lerilak

Players

Jarppi

  • Race: Terran Terran
  • League: Master

Erik - Winner!

  • Race: Zerg Zerg
  • League: Grandmaster

Event: Copa America 2016 Season 1

VOD

Have the link to the VOD?

Description

Time

  • Played on: Feb. 16, 2016, 6:40 p.m.
  • Length: 13:06

All games in this series

Show
View Real Time Build Order
Export as new Build Order

Jarppi Terran 

Build Orders: Reaper Expand, MMM Bio 

Get SALT Encoding   

  12  0:01  SCV  
  13  0:13  SCV  
  14  0:18  Supply Depot  
  14  0:25  SCV  
  15  0:39  SCV  
  15  0:41  Barracks  
  16  0:45  Refinery  
  16  0:51  SCV  
  17  1:03  SCV  
  18  1:15  SCV  
  19  1:29  Orbital Command  
  19  1:30  Reaper  
  20  1:42  Command Center  
  20  1:56  Supply Depot, SCV  
  21  2:07  Barracks Reactor  
  21  2:08  SCV  
  22  2:20  SCV  
  23  2:25  Factory  
  23  2:32  SCV  
  24  2:42  Command Center  
  24  2:45  Marine x2  
  24  2:48  SCV  
  27  2:52  Refinery  
  27  3:00  Orbital Command  
  27  3:05  Marine x2  
  29  3:13  Widow Mine  
  29  3:17  Starport  
  31  3:23  SCV  
  32  3:28  Marine  
  32  3:29  Marine  
  32  3:30  SCV  
  34  3:36  Bunker  
  34  3:39  SCV  
  35  3:42  Factory Tech Lab, SCV  
  35  3:46  Marine x2  
  38  3:53  Medivac  
  40  3:56  Orbital Command  
  40  4:00  SCV x2  
  42  4:04  Marine x2  
  44  4:10  Siege Tank  
  44  4:15  SCV x2  
  49  4:22  SCV  
  50  4:25  Marine x2  
  50  4:26  Supply Depot  
  49  4:36  Medivac  
  49  4:39  SCV x2  
  49  4:42  Marine  
  49  4:43  Siege Tank, Marine  
  49  4:45  Orbital Command  
  53  4:50  Barracks  
  53  4:51  SCV  
  50  5:01  Supply Depot, Liberator, SCV  
  50  5:03  SCV  
  52  5:07  Marine x2  
  52  5:11  SCV  
  58  5:23  Supply Depot  
  58  5:28  SCV  
  58  5:29  SCV x2  
  58  5:35  Marine x2  
  63  5:38  Siege Tank  
  63  5:40  Barracks Tech Lab  
  66  5:53  Barracks  
  66  5:54  Barracks, SCV x2  
  66  5:55  Orbital Command  
  68  6:00  Stimpack  
  68  6:05  Marine x2  
  68  6:06  SCV  
  68  6:07  SCV  
  72  6:19  SCV, Barracks  
  72  6:20  SCV  
  72  6:24  Factory Reactor  
  74  6:28  Supply Depot, SCV  
  74  6:29  Supply Depot  
  74  6:36  SCV  
  74  6:37  SCV  
  76  6:40  Supply Depot  
  76  6:41  Supply Depot  
  76  6:43  Marine  
  77  6:49  Marine x2  
  78  6:54  SCV  
  78  6:56  SCV  
  78  7:03  Marine  
  78  7:05  SCV  
  78  7:07  Marine  
  79  7:09  Barracks Reactor  
  79  7:10  Barracks Reactor, Widow Mine x2  
  79  7:15  SCV x2  
  83  7:19  Refinery, Engineering Bay x2  
  80  7:22  Marine  
  80  7:24  Refinery, Supply Depot  
  80  7:27  Marine x2  
  81  7:33  Marine  
  82  7:38  SCV  
  82  7:39  SCV x2  
  82  7:40  Marine  
  86  7:45  Marine x2  
  86  7:46  Starport Reactor  
  86  7:47  Terran Infantry Weapons Level 1  
  86  7:48  Terran Infantry Armor Level 1, Marine x2  
  86  7:50  SCV  
  86  7:51  SCV, Marine  
  86  7:58  Marine x2  
  86  8:00  SCV  
  86  8:02  Widow Mine x2, Marine  
  86  8:03  SCV, Marine  
  95  8:08  Missile Turret  
  95  8:12  Missile Turret, Marine x2  
  97  8:13  Missile Turret  
  97  8:15  Marine x2  
  97  8:18  Factory  
  98  8:22  Marine  
  96  8:29  Marine x2  
  96  8:30  Marine  
  96  8:33  Widow Mine x2, SCV  
  105  8:36  Marine x2  
  105  8:37  Barracks Tech Lab  
  106  8:44  Marine x2  
  106  8:46  Missile Turret x2  
  106  8:48  Missile Turret  
  108  8:57  Supply Depot  
  108  9:01  Marine x6  
  108  9:02  Widow Mine, Combat Shields  
  116  9:06  Widow Mine  
  116  9:07  Supply Depot  
  116  9:08  SCV x2  
  120  9:17  Armory  
  120  9:22  Missile Turret  
  120  9:25  Missile Turret x2  
  120  9:28  Marine x2  
  120  9:29  Marine  
  122  9:32  Marine x2  
  122  9:38  Medivac x2  
  125  9:45  Marine  
  126  9:46  Marine  
  126  9:47  Marine x2  
  126  9:49  SCV x2, Marine x2  
  128  9:53  Siege Tank  
  128  9:54  Orbital Command  
  130  10:03  Marine x2  
  130  10:04  SCV x2  
  122  10:08  Medivac x2  
  123  10:20  Marine  
  123  10:21  Marine x3  
  120  10:23  Widow Mine x2  
  124  10:31  SCV x2  
  124  10:39  SCV  
  124  10:40  Marine x2  
  124  10:42  Siege Tank  
  120  10:43  Marine  
  120  10:45  SCV  
  120  10:46  Marine  
  115  10:52  Marine x2  
  115  10:56  Marine x2  
  101  11:00  SCV x2  
  98  11:10  Marine x3  
  95  11:13  Marine x3  
  93  11:24  Marine  
  65  11:42  Marine  
  65  11:43  Marine x4  
  64  11:55  Widow Mine x2  
  64  12:00  Marine  
  69  12:02  Marine x2  
  69  12:06  Marine x2  
  73  12:11  Orbital Command  
  73  12:18  Marine  
  73  12:20  Marine  
  75  12:26  Marine x2  
  75  12:27  Marine  
  71  12:36  Marine  
  56  12:37  Marine  
  38  12:44  Marine x3  
Show
View Real Time Build Order
Export as new Build Order

Erik Zerg - Winner!

Build Orders: Hatch First 

Get SALT Encoding   

  12  0:01  Drone  
  13  0:12  Overlord  
  13  0:17  Drone  
  14  0:31  Drone x2  
  16  0:49  Hatchery  
  15  0:52  Drone  
  15  0:55  Drone  
  17  0:58  Drone  
  17  1:03  Extractor  
  17  1:14  Spawning Pool  
  17  1:17  Drone  
  17  1:20  Drone  
  18  1:28  Drone  
  19  1:39  Overlord  
  19  2:01  Queen x2  
  19  2:02  Zergling x2  
  19  2:03  Zergling x2  
  19  2:06  Metabolic Boost  
  25  2:13  Drone x2  
  25  2:15  Drone  
  28  2:34  Drone x3  
  31  2:49  Roach Warren  
  31  2:51  Drone x2  
  32  2:58  Overlord  
  32  3:00  Overlord  
  32  3:09  Overlord  
  31  3:31  Roach x6  
  31  3:32  Roach x2  
  47  3:39  Roach  
  49  3:49  Zergling x14  
  56  3:56  Zergling x2  
  56  4:00  Overlord  
  57  4:04  Drone  
  58  4:15  Drone x2  
  60  4:18  Overlord  
  60  4:20  Drone x4  
  60  4:23  Lair, Extractor x2  
  59  4:33  Drone x2  
  61  4:44  Drone  
  61  4:45  Drone x4  
  66  4:48  Extractor  
  66  4:51  Drone x3  
  66  4:52  Drone  
  68  5:07  Drone x2  
  68  5:11  Hatchery  
  69  5:18  Overlord  
  69  5:23  Drone x2  
  69  5:24  Spire, Drone  
  69  5:25  Glial Reconstitution  
  71  5:41  Queen  
  71  5:42  Queen  
  75  5:45  Overlord  
  75  5:52  Zergling x4  
  75  5:53  Zergling x4  
  76  6:27  Hatchery  
  75  6:36  Mutalisk x8  
  91  6:41  Overlord  
  91  6:42  Overlord x4  
  89  7:00  Mutalisk x3  
  91  7:08  Roach x4  
  97  7:19  Roach  
  97  7:20  Roach x4  
  107  7:28  Drone, Evolution Chamber  
  107  7:29  Drone  
  109  7:30  Drone, Evolution Chamber  
  109  7:33  Zerg Flyer Weapons Level 1  
  108  7:37  Drone  
  108  7:39  Pneumatized Carapace  
  108  7:40  Hatchery  
  108  7:42  Roach x2  
  106  7:53  Roach x4  
  114  8:01  Drone x2  
  114  8:02  Drone x2  
  118  8:07  Drone x3  
  118  8:09  Drone  
  118  8:11  Drone  
  123  8:14  Drone  
  123  8:18  Zerg Missile Weapons Level 1  
  124  8:20  Extractor  
  124  8:25  Extractor  
  120  8:33  Drone x7  
  127  8:40  Zerg Ground Armor Level 1  
  127  8:41  Drone  
  127  8:42  Drone x3  
  127  8:47  Drone x2  
  133  8:51  Queen  
  135  8:56  Overlord  
  135  9:06  Queen  
  135  9:07  Infestation Pit  
  135  9:09  Roach  
  140  9:10  Roach x2  
  140  9:12  Overlord  
  140  9:16  Hatchery  
  141  9:20  Roach  
  141  9:21  Roach x3  
  145  9:39  Ravager  
  145  9:40  Ravager x4  
  144  9:49  Roach  
  144  9:50  Roach x9  
  158  9:53  Overseer  
  158  9:57  Roach  
  158  9:59  Overlord x2  
  158  10:00  Overlord x3  
  142  10:10  Roach x7  
  154  10:22  Mutalisk x5  
  164  10:31  Hive  
  164  10:34  Zerg Missile Weapons Level 2  
  164  10:37  Drone  
  164  10:38  Drone  
  152  11:00  Drone x2  
  148  11:06  Roach x10  
  148  11:07  Roach x6  
  172  11:27  Roach  
  172  11:28  Roach x4  
  172  11:32  Pathogen Glands  
  176  11:39  Extractor  
  167  11:42  Extractor, Roach x3  
  167  11:43  Roach x5  
  178  11:57  Roach x5  
  188  12:11  Ultralisk Cavern  
  187  12:19  Roach  
  187  12:20  Roach x5  
  152  12:39  Roach  
  152  12:40  Roach x17  
  178  12:48  Drone x4  
Tags
 
Add a new tag
Caveats
  • Supply blocks, unpowered buildings, or Contaminate may cause inaccurate times.
  • Supply counts are checked every 10 seconds.